details: 'bmagerepwin7'

« prev index next »

General information

Mini Map

Players

team 1
Random» Humannewacct_127 (pink | 18 APM | 45 actions | 02:33)

» actions
Basic commands1
Build / train2
Right click35
Select / deselect7
45 total
» units
Peasant2
2 total
UndeadPeeWeeSpermin (red | 19 APM | 41 actions | 02:09)

» actions
Build / train4
Enter build submenu4
Right click15
Select / deselect14
Use ability4
41 total
» units
Acolyte2
Ghoul1
Crypt Fiend1
4 total
» buildings
Graveyard1
Crypt1
Ziggurat1
Altar of Darkness1
4 total
» build order
00:11 Graveyard
00:14 Crypt
00:41 Ziggurat
01:01 Altar of Darkness
Humanbannedfromwc3 (orange | 29 APM | 55 actions | 01:53)

» actions
Build / train8
Enter build submenu6
Right click17
Select / deselect19
Use ability5
55 total
» units
Peasant7
7 total
» buildings
Altar of Kings1
Farm4
5 total
» build order
00:33 Altar of Kings
00:34 Farm
00:38 Farm
00:50 Farm
01:43 Farm
HumanPANDOOOOOOOOOOO (purple | 34 APM | 70 actions | 02:01)

» actions
Build / train11
Enter build submenu5
Right click30
Select / deselect19
Use ability5
70 total
» units
Peasant8
Footman2
10 total
» buildings
Altar of Kings1
Farm3
Barracks1
5 total
» build order
00:08 Altar of Kings
00:22 Farm
00:24 Farm
00:38 Barracks
01:51 Farm
team 2
Humanlllove (yellow | 45 APM | 116 actions | 02:35)

» actions
Assign group hotkey2
Build / train17
Enter build submenu7
Right click34
Select / deselect49
Use ability7
116 total
» units
Peasant11
Footman4
15 total
» buildings
Altar of Kings1
Barracks1
Farm5
7 total
» build order
00:50 Altar of Kings
00:52 Barracks
00:54 Farm
01:04 Farm
01:06 Farm
01:13 Farm
01:43 Farm
NightElfIsMoKeGoOdKuSh (green | 42 APM | 107 actions | 02:33)

» actions
Build / train13
Enter build submenu10
Remove unit from queue1
Right click35
Select / deselect41
Use ability7
107 total
» units
Wisp10
Archer1
11 total
» buildings
Altar of Elders1
Moon Well3
Ancient of War1
5 total
» build order
00:07 Altar of Elders
00:11 Moon Well
00:50 Ancient of War
01:34 Moon Well
01:56 Moon Well
OrcAutistic (teal | 23 APM | 52 actions | 02:15)

» actions
Assign group hotkey1
Build / train10
Enter build submenu5
Right click12
Select / deselect19
Use ability5
52 total
» units
Peon9
9 total
» buildings
Altar of Storms1
Orc Burrow2
War Mill1
Voodoo Lounge1
5 total
» build order
00:12 Altar of Storms
00:15 Orc Burrow
00:56 War Mill
01:07 Voodoo Lounge
01:46 Orc Burrow
Random» OrcNegromancer (blue | 38 APM | 97 actions | 02:33)
Hero icon 1 Blademaster
Ability icon 1 Wind Walk

» actions
Assign group hotkey1
Build / train8
Enter build submenu5
Enter hero's abilities submenu1
Right click39
Select / deselect33
Select group hotkey4
Use ability6
97 total
» units
Peon6
6 total
» buildings
Altar of Storms1
Orc Burrow2
Barracks1
Voodoo Lounge1
5 total
» build order
00:08 Altar of Storms
00:15 Orc Burrow
00:48 Barracks
01:22 Orc Burrow
01:39 Voodoo Lounge

Chat log


(02:01 / All) Negromancer: did red do it?
(02:03 / All) Autistic: leaver alert
(02:05 / All) Negromancer: His name is just too good
(02:09 / All) newacct_127: it was me
(02:18 / All) newacct_127: i suicided
(02:23 / All) Negromancer: why you done it son
(02:28 / All) newacct_127: idk